 Dungeon Crawl Stone Soup version 0.31-a0-360-gb3e1d13bf4 (webtiles) character file.

Game seed: 15206039066922083672

19308 Dordric the Brawler (level 12, -14/145 HPs)
             Began as a Troll Shapeshifter on July 26, 2023.
             Was a Believer of Trog.
             Demolished by a skyshark (22 damage)
             ... on level 1 of the Lair of Beasts.
             The game lasted 00:10:26 (9172 turns).

Dordric the Brawler (Troll Shapeshifter)            Turns: 9172, Time: 00:10:28

Health: -14/145    AC:  6    Str: 26    XL:     12   Next: 35%
Magic:  11/11      EV: 10    Int:  4    God:    Trog [**....]
Gold:   692        SH:  0    Dex: 20    Spells: 11/11 levels left

rFire   . .          .
                       - Unarmed
rCold   . . .        (no shield)
rNeg    . . .        J - +0 troll leather armour
rPois   .            (helmet currently unavailable)
rElec   .            (cloak currently unavailable)
rCorr   .            (gloves unavailable)
SInv    +            (boots unavailable)
Will    .....        i - amulet of regeneration Stlth
                     h - +6 ring of dexterity
HPRegen 2.84/turn    s - ring of see invisible
MPRegen 0.12/turn

%: no passive effects
@: berserking, beast-form, marked, very quick
A: beast (slay +3), large, unfitting armour, claws 3, regeneration 1, shaggy fur
1, tough skin 1
a: Begin Untransformation, Renounce Religion, Berserk, Trog's Hand


You were on level 1 of the Lair of Beasts.
You worshipped Trog.
Trog was pleased with you.
You were a hulking beast.
You visited 3 branches of the dungeon, and saw 14 of its levels.
You visited the Abyss 1 time.

You collected 692 gold pieces.

Inventory:

Armour
 a - a +0 animal skin
 G - +0 acid dragon scales
 J - a +0 troll leather armour (worn)
Jewellery
 h - a +6 ring of dexterity (left claw)
 i - an amulet of regeneration (around neck)
 s - a ring of see invisible (right claw)
 y - a ring of ice
 A - an amulet of the acrobat
 D - a +6 ring of intelligence
 K - a ring of resist corrosion
Talismans
 c - a beast talisman
Wands
 d - a wand of flame (30)
 v - a wand of charming (5)
 C - a wand of quicksilver (24)
 H - a wand of roots (5)
Scrolls
 e - 2 scrolls of fog
 f - 2 scrolls of revelation
 j - 3 scrolls of brand weapon
 l - 2 scrolls of vulnerability
 n - 2 scrolls of fear
 o - 2 scrolls of teleportation
 p - 4 scrolls of identify
 r - 3 scrolls of blinking
 t - 3 scrolls of enchant armour
 u - 2 scrolls of amnesia
Potions
 b - 2 potions of lignification
 g - a potion of enlightenment {unknown}
 k - 5 potions of curing (quivered)
 m - 5 potions of heal wounds {unknown}
 q - a potion of resistance {unknown}
 w - 3 potions of might {unknown}
 x - a potion of magic {unknown}
 z - 2 potions of cancellation {unknown}
 B - a potion of degeneration {unknown}
 E - 4 potions of brilliance {unknown}
 F - a potion of invisibility {unknown}
 I - a potion of attraction {unknown}


   Skills:
 - Level 0.7 Fighting
 - Level 1.5 Dodging
 - Level 19.4 Unarmed Combat
 + Level 5.7 Shapeshifting


You had 11 spell levels left.
You didn't know any spells.
Your spell library contained the following spells:

 Spells                   Type           Power      Damage    Failure   Level
 Call Canine Familiar     Summ           0%         N/A       89%         3
 Ozocubu's Armour         Ice            0%         N/A       89%         3
 Portal Projectile        Hex/Tloc       0%         N/A       89%         3
 Leda's Liquefaction      Hex/Erth       0%         N/A       100%        4
 Lee's Rapid Deconstruct  Erth           0%         3d4*      100%        5
 Leda's Unmaking          Conj/Erth      0%         9d1       100%        6
 Ozocubu's Refrigeration  Ice            0%         4d7       100%        7


Dungeon Overview and Level Annotations

Branches:
Dungeon (12/15)            Temple (1/1) D:7            Lair (1/5) D:9
    Orc (0/2) D:9

Altars:
Ashenzari
Cheibriados
Dithmenos
Elyvilon
Fedhas
Gozag
Hepliaklqana
Kikubaaqudgha
Makhleb
Nemelex Xobeh
Okawaru
Qazlal
Ru
Sif Muna
Trog
Uskayaw
Vehumet
Wu Jian
Xom
Yredelemnul
Zin
The Shining One

Shops:
D:4 *   D:9 =


Innate Abilities, Weirdness & Mutations

You are a hulking beast.
Your limbs bulge with bestial killing power. (Slay +3)
You are too large for most types of armour.
You have claws for hands.
Your natural rate of healing is unusually fast.
You are covered in fur. (AC +1)
You have tough skin. (AC +1)


Message History

The bullfrog attacks as you move away!
The bullfrog hits you but does no damage.
The yak gores you but does no damage.
The bullfrog hits you but does no damage.
The bullfrog attacks as you move away! The bullfrog closely misses you.
The yak gores the plant.
The plant begins to die.
The bullfrog hits you but does no damage.
The water moccasin bites the plant.
The skyshark completely misses you. The skyshark closely misses you.
The skyshark completely misses you. The bullfrog misses you.
The yak gores the plant.
The water moccasin completely misses the plant.
The skyshark attacks as you move away! The skyshark bites you!!
The skyshark enters a blood-rage!
The skyshark tail-slaps you but does no damage.
The skyshark barely misses you. The bullfrog hits you. The skyshark bites you.
The skyshark completely misses you. The skyshark barely misses you.
The bullfrog swells and bulges.
The bullfrog attacks as you move away!
The bullfrog hits you but does no damage.
You mangle the skyshark!! You claw the skyshark!
The skyshark is moderately wounded.
The skyshark bites you!! The skyshark tail-slaps you. x2
You barely miss the skyshark. You claw the skyshark!!
The skyshark is heavily wounded.
A black mamba comes into view.
The skyshark bites you!! The skyshark tail-slaps you!
* * * LOW HITPOINT WARNING * * *
The skyshark tail-slaps you.
* * * LOW HITPOINT WARNING * * *
A red film seems to cover your vision as you go berserk!
You feel yourself moving faster!
You feel mighty! The skyshark bites you!
* * * LOW HITPOINT WARNING * * *
The skyshark tail-slaps you!
* * * LOW HITPOINT WARNING * * *
The skyshark tail-slaps you but does no damage.
You barely miss the skyshark.
The skyshark is heavily wounded.
A water moccasin comes into view.
The skyshark bites you!!
You die...

###......##.........#...)....###
....#...###..........#.....####
........###..............#.#P..
#........YY..................
##.......Y.PY.S.##.....♣...♣..
##.........###SF#####..♣P..P.♣.
#........†#####Y# #(..P♣.♣P..
#....#.....# #.#l# #.....>....
..... #....## #h#### #...P♣.♣P..
.....####..## ##.##P#
#..♣.P.PP♣. ..
...#.....###.....##.#..♣...♣..
..###.........S.......
.......... ...##................
...##..... .....................
#......†# ................####..
#......## ....#.#...†.†....##
#.. ###......
...####...........# .##.......


You could see a skyshark (berserk), a yak, 2 water moccasins and a bullfrog.

Vanquished Creatures
  Erolcha (D:10)
  4 two-headed ogres
  A sun demon (D:11)
  A soul eater (D:11)
  A deep elf pyromancer (D:12)
  2 cyclopes
  2 ugly things
  A gargoyle (D:10)
  Maurice (D:11)
  2 smoke demons (D:11)
  3 orange demons (D:11)
  4 cane toads (Lair:1)
  An efreet (D:8)
  A kobold demonologist (D:11)
  A yaktaur (D:12)
  An ice devil (D:11)
  4 trolls
  4 blink frogs (Lair:1)
  Grinder (D:4)
  A slime creature (D:8)
  6 yaks (D:10)
  A wraith (D:10)
  2 steam dragons
  Grum (Lair:1)
  2 vampire mosquitoes (D:9)
  Edmund (D:4)
  An acid dragon (D:8)
  3 water moccasins
  An ice beast (D:6)
  5 orc warriors
  A small abomination (Abyss:2)
  An ogre (D:7)
  3 centaurs
  4 wolves (Lair:1)
  3 phantoms
  3 kobold brigands
  4 bullfrogs
  A scorpion (D:5)
  21 wights
  15 killer bees
  2 howler monkeys
  7 quasits
  4 hounds
  A jelly (D:1)
  7 orc priests
  Ijyb (D:4)
  5 iguanas
  6 orc wizards
  3 adders
  4 gnolls (D:8)
  2 shadow imps (D:6)
  2 white imps
  2 ufetubi
  6 worms
  A dart slug (D:4)
  42 orcs
  4 ball pythons
  9 bats
  3 bat zombies (D:12)
  17 endoplasms
  6 giant cockroaches
  3 goblins
  6 hobgoblins
  11 jackals
  3 quokkas
  3 frilled lizards (D:2)
  12 kobolds
  4 rats
  2 rat zombies (D:12)
294 creatures vanquished.

Vanquished Creatures (others)
  A wight (D:7)
1 creature vanquished.

Grand Total: 295 creatures vanquished

Notes
Turn   | Place    | Note
-------+----------+-------------------------------------------
     0 | D:1      | Dordric the Troll Shapeshifter began the quest for the Orb.
     0 | D:1      | Reached XP level 1. HP: 18/18 MP: 0/0
     1 | D:1      | Found a runed translucent door.
     2 | D:1      | Noticed a jelly
   469 | D:1      | Reached XP level 2. HP: 26/26 MP: 1/1
   946 | D:1      | Reached XP level 3. HP: 31/32 MP: 2/2
   955 | D:1      | Reached skill level 4 in Unarmed Combat
   969 | D:1      | Reached XP level 4. HP: 40/40 MP: 3/3
  1647 | D:3      | Noticed a phantom
  1663 | D:3      | Killed a phantom
  1664 | D:3      | Reached XP level 5. HP: 32/46 MP: 4/4
  1921 | D:3      | Found a broken altar of Ashenzari.
  1921 | D:3      | Found a sacrificial altar of Ru.
  1921 | D:3      | Found a white marble altar of Elyvilon.
  1958 | D:3      | Reached skill level 5 in Unarmed Combat
  2341 | D:4      | Noticed Ijyb
  2344 | D:4      | Killed Ijyb
  2345 | D:4      | Reached XP level 6. HP: 54/54 MP: 5/5
  2358 | D:4      | Found an opulent altar of Gozag.
  2372 | D:4      | Noticed Grinder
  2387 | D:4      | Killed Grinder
  2388 | D:4      | Reached skill level 6 in Unarmed Combat
  2472 | D:4      | Reached skill level 7 in Unarmed Combat
  2472 | D:4      | Reached XP level 7. HP: 61/61 MP: 6/6
  2494 | D:4      | Noticed Edmund
  2497 | D:4      | Found Xemm's General Store.
  2501 | D:4      | Killed Edmund
  2786 | D:5      | Entered Level 5 of the Dungeon
  2824 | D:5      | Reached skill level 8 in Unarmed Combat
  2890 | D:5      | Reached XP level 8. HP: 45/68 MP: 7/7
  2914 | D:5      | Found a shimmering blue altar of Sif Muna.
  2960 | D:5      | Found an iron altar of Okawaru.
  3058 | D:5      | Reached skill level 9 in Unarmed Combat
  3389 | D:6      | Noticed a red ugly thing
  3395 | D:6      | Killed a red ugly thing
  3396 | D:6      | Reached skill level 10 in Unarmed Combat
  3488 | D:6      | Reached skill level 11 in Unarmed Combat
  3531 | D:6      | Reached XP level 9. HP: 66/75 MP: 8/8
  3999 | D:6      | Found a basalt altar of Yredelemnul.
  4071 | D:6      | Reached skill level 12 in Unarmed Combat
  4269 | D:7      | Reached skill level 13 in Unarmed Combat
  4437 | D:7      | Found a staircase to the Ecumenical Temple.
  4482 | Temple   | Entered the Ecumenical Temple
  4487 | Temple   | Became a worshipper of Trog the Wrathful
  4807 | D:8      | Found a shadowy altar of Dithmenos.
  5261 | D:8      | Noticed an efreet
  5267 | D:8      | Killed an efreet
  5268 | D:8      | Reached skill level 14 in Unarmed Combat
  5268 | D:8      | Reached XP level 10. HP: 9/83 MP: 9/9
  5471 | D:9      | Found a staircase to the Lair.
  5489 | D:9      | Noticed a cyclops
  5502 | D:9      | Killed a cyclops
  5502 | D:9      | Reached * piety under Trog
  5654 | D:9      | Reached skill level 15 in Unarmed Combat
  5680 | D:9      | Found an ancient bone altar of Kikubaaqudgha.
  5808 | D:9      | Found a staircase to the Orcish Mines.
  5895 | D:9      | Found Xycwu's Jewellery Boutique.
  6346 | D:10     | Entered Level 10 of the Dungeon
  6356 | D:10     | Found a shimmering altar of Xom.
  6414 | D:10     | Found a glowing silver altar of Zin.
  6659 | D:10     | Reached skill level 16 in Unarmed Combat
  6701 | D:10     | Found a burning altar of Makhleb.
  6734 | D:10     | Reached ** piety under Trog
  6761 | D:10     | Found a snail-covered altar of Cheibriados.
  6820 | D:10     | HP: 2/124 [orc warrior/arrow (15)]
  6878 | D:10     | Noticed Erolcha
  6880 | Abyss:1  | Cast into level 1 of the Abyss (Erolcha)
  7007 | Abyss:2  | Noticed a red very ugly thing
  7011 | D:10     | Escaped the Abyss
  7019 | D:10     | Killed Erolcha
  7020 | D:10     | Reached XP level 11. HP: 89/89 MP: 10/10
  7179 | D:10     | Found an ornate altar of the Wu Jian Council.
  7468 | D:11     | Noticed a two-headed ogre
  7488 | D:10     | Killed a two-headed ogre
  7489 | D:10     | Reached skill level 17 in Unarmed Combat
  7544 | D:11     | Noticed a soul eater
  7556 | D:11     | Killed a soul eater
  7678 | D:11     | Noticed a white ugly thing
  7691 | D:11     | Killed a white ugly thing
  7723 | D:11     | Found a frozen archway.
  7744 | D:11     | Noticed a soul eater
  7803 | D:11     | Reached skill level 18 in Unarmed Combat
  7857 | D:11     | Noticed Maurice
  7861 | D:11     | Killed Maurice
  7878 | D:11     | Noticed a sun demon
  7882 | D:11     | Killed a sun demon
  8232 | D:12     | Noticed a deep elf pyromancer
  8238 | D:12     | Killed a deep elf pyromancer
  8291 | D:12     | Noticed a two-headed ogre
  8294 | D:12     | Killed a two-headed ogre
  8306 | D:12     | Noticed a two-headed ogre
  8308 | D:12     | Noticed a two-headed ogre
  8313 | D:12     | Killed a two-headed ogre
  8314 | D:12     | Reached XP level 12. HP: 97/97 MP: 11/11
  8316 | D:12     | Killed a two-headed ogre
  8317 | D:12     | Reached skill level 19 in Unarmed Combat
  8564 | D:12     | Found an ancient bone altar of Kikubaaqudgha.
  8929 | Lair:1   | Entered Level 1 of the Lair of Beasts
  9067 | Lair:1   | Reached skill level 5 in Shapeshifting
  9095 | Lair:1   | Noticed Grum
  9109 | Lair:1   | Killed Grum
  9171 | Lair:1   | HP: 7/145 [skyshark (10)]
  9172 | Lair:1   | Demolished by a skyshark

Illustrated notes

Levels and vault maps discovered:
D:1:      dpeg_arrival_caged_fury, layout_basic
D:2:      layout_loops_ring, st_stairs_6
D:3:      layout_loops_ring, gammafunk_temple_overflow_claw
D:4:      layout_rooms, lemuel_crystal_altar, nicolae_take_the_stairs,
          uniq_ijyb, uniq_grinder, uniq_edmund
D:5:      layout_gridville, okawaru_ov_weapons_minmay, led_sif_pool,
          minmay_splitting_lines
D:6:      layout_basic, nicolae_overflow_crystal_walls, nrook_uturn,
          grunt_decor_resistance, nicolae_water_bricks, minmay_small_thing
D:7:      layout_rooms, temple_doors_e, minmay_misc_feat_square,
          kennysheep_big_empty_room
D:8:      minmay_cornered_nines, layout_loops_ring, grunt_dithmenos_smoke
D:9:      minmay_klotski, layout_loops_corners, mainiacjoe_overflow_chevrons,
          lair_entry_dummy, serial_shops, shop, uniq_amaemon
D:10:     layout_basic, kennysheep_little_box,
          mainiacjoe_overflow_six_doors_small, mainiacjoe_overflow_boulevard,
          zin_treasury, mainiacjoe_overflow_catwalk, hangedman_decor_points,
          uniq_erolcha
D:11:     layout_cave_pools, portal_ice_cave_entry_pillars_2, serial_demonic,
          serial_demonic_a, serial_demonic_g, serial_demonic_g,
          serial_demonic_a, serial_demonic_c, serial_demonic_a,
          serial_demonic_a, uniq_maurice
D:12:     layout_basic, lemuel_zombie_altar_kikubaaqudgha
Temple:   hellmonk_temple_micro_hex
Lair:1:   layout_layer_cave, grunt_forest_stairs_basic, lemuel_fruit_tree,
          uniq_grum

Skill      XL: |  1  2  3  4  5  6  7  8  9 10 11 12 |
---------------+-------------------------------------+-----
Unarmed Combat | 4 5 7 8 11 14 16 18 19 | 19.4
Shapeshifting  | 4 5 |  5.7
Fighting       | |  0.7
Dodging        | |  1.5

Action                     |  1- 3 |  4- 6 |  7- 9 | 10-12 || total
---------------------------+-------+-------+-------+-------++-------
  Melee: Unarmed           |    56 |   150 |   199 |   292 ||   697
         Punch             |     2 |     4 |    11 |    29 ||    46
 Invoke: Berserk           |       |       |       |    12 ||    12
         Trog's Hand       |       |       |       |     3 ||     3
    Use: Potion            |       |     1 |       |       ||     1
         Scroll            |       |       |     1 |    12 ||    13
   Stab: Sleeping          |       |     4 |     3 |       ||     7
         Distracted        |       |     1 |       |       ||     1
 Armour: Animal skin       |    19 |    30 |    40 |       ||    89
         Skin              |       |    44 |       |       ||    44
         Acid dragon scale |       |       |     3 |    78 ||    81
         Troll leather arm |       |       |       |    33 ||    33
  Dodge: Dodged            |    31 |    53 |   103 |   175 ||   362

Table legend: (Time is in decaauts)
 A = Elapsed time spent in this place.
 B = Non-inter-level travel time spent in this place.
 C = Inter-level travel time spent in this place.
 D = Time resting spent in this place.
 E = Time spent auto-exploring this place.
 F = Levels seen in this place.
 G = Mean time per level.
                   A        B        C        D        E       F      G
               +--------+--------+--------+--------+--------+-----+--------+
         Total |   9151 |   8757 |    394 |    528 |   6564 |  16 |  571.9 |
       Dungeon |   8767 |   8378 |    389 |    528 |   6381 |  12 |  730.6 |
        Temple |     10 |      5 |      5 |      0 |      0 |   1 |   10.0 |
          Lair |    228 |    228 |      0 |      0 |    136 |   1 |  228.0 |
         Abyss |    144 |    144 |      0 |      0 |     47 |   2 |   72.0 |
               +--------+--------+--------+--------+--------+-----+--------+

Top non-repeatable levels by time:
    D:10: 1043 daAuts
     D:1: 976 daAuts
     D:9: 891 daAuts
     D:6: 848 daAuts
     D:8: 811 daAuts
    D:11: 738 daAuts
    D:12: 697 daAuts
     D:3: 696 daAuts
     D:2: 653 daAuts
     D:7: 491 daAuts
     D:5: 481 daAuts
     D:4: 438 daAuts
  Lair:1: 228 daAuts
 Abyss:2: 119 daAuts
 Abyss:1: 24 daAuts
